 Dungeon Crawl Stone Soup version 0.28-a0-1404-g4df0f3684d (webtiles) character file.

Game seed: 16864315574105365133

274 AttackTheMoon the Skirmisher (level 6, -2/62 (66) HPs)
             Began as an Ogre Gladiator on Jan 5, 2022.
             Slain by a wight (5 damage)
             ... on level 3 of the Dungeon.
             The game lasted 00:08:14 (5768 turns).

AttackTheMoon the Skirmisher (Ogre Gladiator)       Turns: 5768, Time: 00:08:14

HP:   -2/62 (66)    AC:  4    Str: 22    XL:     6   Next: 24%
MP:   5/5           EV:  9    Int: 10    God:
Gold: 84            SH:  6    Dex: 11    Spells: 5/5 levels left

rFire   . . .      SeeInvis +   a - +0 flail
rCold   . . .      Faith    .   e - +0 kite shield
rNeg    . . .      Spirit   .   b - +0 robe
rPois   .          Reflect  .   c - +0 hat
rElec   .          Harm     .   (no cloak)
rCorr   .          Rampage  .   (gloves unavailable)
Will    .....                   (boots unavailable)
Stlth   +.........              (no amulet)
HPRegen 0.20/turn               l - ring of the Octopus King {AC+1 EV+1 Str+1 Int+1 Dex+1 SInv}
MPRegen 0.09/turn               (no ring)

@: brilliant, drained
A: large, unfitting armour, tough skin 1, low mp 1, MP-powered wands
a: no special abilities


You were on level 3 of the Dungeon.
You visited 1 branch of the dungeon, and saw 3 of its levels.

You collected 84 gold pieces.

Inventory:

Hand Weapons
 a - a +0 flail (weapon)
Missiles
 d - a throwing net
 g - 89 stones
 h - 19 poisoned darts (quivered)
Armour
 b - a +0 robe (worn)
 c - a +0 hat (worn)
 e - a +0 kite shield (worn)
Jewellery
 l - a ring of the Octopus King (left hand) {AC+1 EV+1 Str+1 Int+1 Dex+1 SInv}
   (You found it on level 3 of the Dungeon)

   [ring of see invisible]

   AC:        It affects your AC (+1).
   EV:        It affects your evasion (+1).
   Str:       It affects your strength (+1).
   Int:       It affects your intelligence (+1).
   Dex:       It affects your dexterity (+1).
   SInv:      It lets you see invisible.
 m - a ring of fire
Scrolls
 f - a scroll of amnesia
 k - a scroll of acquirement
 n - a scroll of identify
Potions
 j - a potion of flight


   Skills:
 + Level 5.2 Fighting
 + Level 4.2 Maces & Flails
 + Level 3.9 Throwing
 - Level 2.6 Dodging


You had 5 spell levels left.
You didn't know any spells.
Your spell library was empty.

Dungeon Overview and Level Annotations

Branches:
Dungeon (3/15)

Altars:
Makhleb

Shops:
D:1 (


Innate Abilities, Weirdness & Mutations

You are too large for most types of armour.
You have tough skin. (AC +1)
Your magical capacity is low. (-10% MP)
You expend magic power (3 MP) to strengthen your wands.


Message History

The kobold shouts!
A kobold is nearby!
You sock the kobold!
You kill the kobold!
No target in view!
No target in view!
No target in view!
No target in view!
No target in view!
No target in view!
No target in view!
No target in view!
No target in view!
No target in view!
No target in view!
No target in view!
h - 19 poisoned darts (gained 5)
You see here a +0 dagger.
The wight hits you with a +2 war axe of freezing!
You feel drained. The wight freezes you.
You hit the wight but do no damage.
The wight hits you with a +2 war axe of freezing!
The wight freezes you.
The wight hits you with a +2 war axe of freezing!
* * * LOW HITPOINT WARNING * * *
You feel drained.
* * * LOW HITPOINT WARNING * * *
The wight freezes you.
* * * LOW HITPOINT WARNING * * *
It was a potion of mutation.
You feel extremely strange.
You feel less energetic.
You feel your magical essence link to the dungeon's wands.
The wight hits you with a +2 war axe of freezing!
* * * LOW HITPOINT WARNING * * *
The wight freezes you.
* * * LOW HITPOINT WARNING * * *
It was a potion of brilliance.
You feel clever all of a sudden.
The wight hits you with a +2 war axe of freezing.
You die...

###.####...........#
......##.#.#.#.....#
###..............#.#
#......#####.#.#.#
##...#.#####.#...#
##.##........z#.#
#.########.#.#.# #.#
#..z..# ##+##
###@### ####>..##
#.# ........## ##.#
##.......## ##..#
#.........####...##
'.........'.......#
#.........####...##
.......<.## ##..#
###.....## ##.#


You could see 2 wights.

Vanquished Creatures
  A wight (D:2)
  An iguana (D:2)
  Robin (D:2)
  4 gnolls
  8 adders
  A worm (D:2)
  3 dart slugs
  4 ball pythons
  2 bats
  10 endoplasms
  A giant cockroach (D:3)
  14 goblins
  11 hobgoblins
  A quokka (D:1)
  5 frilled lizards
  8 kobolds
  6 rats
81 creatures vanquished.

Notes
Turn   | Place    | Note
-------+----------+-------------------------------------------
     0 | D:1      | AttackTheMoon the Ogre Gladiator began the quest for the
                  | Orb.
     0 | D:1      | Reached XP level 1. HP: 22/22 MP: 1/1
    18 | D:1      | Found a faded altar of an unknown god.
   250 | D:1      | Reached skill level 3 in Fighting
   355 | D:1      | Reached XP level 2. HP: 17/31 MP: 2/2
   629 | D:1      | Found Omacvodio's Weapon Emporium.
   682 | D:1      | Reached XP level 3. HP: 34/37 MP: 3/3
  2342 | D:2      | Reached XP level 4. HP: 38/48 MP: 4/4
  2425 | D:2      | Noticed Robin
  2456 | D:2      | Reached skill level 4 in Fighting
  2460 | D:2      | Killed Robin
  3124 | D:2      | Reached XP level 5. HP: 54/55 MP: 5/5
  4125 | D:2      | Identified a scroll of acquirement
  4284 | D:3      | HP: 1/49 [wight (4)]
  4586 | D:3      | Found a burning altar of Makhleb.
  4633 | D:3      | Reached skill level 5 in Fighting
  4758 | D:3      | Found the ring of the Octopus King
  4764 | D:3      | Reached XP level 6. HP: 62/64 MP: 6/6
  4771 | D:3      | Identified a ring of the Octopus King {AC+1 EV+1 Str+1
                  | Int+1 Dex+1 SInv}
  5767 | D:3      | Gained mutation: Your magical capacity is low. (-10% MP)
                  | [potion of mutation]
  5767 | D:3      | Gained mutation: You expend magic power (3 MP) to
                  | strengthen your wands. [potion of mutation]
  5767 | D:3      | HP: 3/62 [wight (9)]
  5768 | D:3      | Slain by a wight

Illustrated notes

Levels and vault maps discovered:
D:1:      minmay_arrival_five_plusses, layout_basic, serial_shops, shop,
          shapermc_ecumenical_altar_starsandcircs
D:2:      layout_loops_ring, uniq_robin
D:3:      layout_loops_corners, amcnicky_altar_gilded

Skill      XL: |  1  2  3  4  5 |
---------------+----------------+-----
Fighting       | 3 4 5 |  5.2
Maces & Flails | 3 4 |  4.2
Throwing       | 3 |  3.9
Dodging        | |  2.6

Action                   |  1- 3 |  4- 6 || total
-------------------------+-------+-------++-------
Melee: Flail             |    86 |   148 ||   234
Throw: Dart              |     6 |    44 ||    50
       Throwing net      |     2 |       ||     2
       Stone             |       |     5 ||     5
  Use: Scroll            |     3 |     3 ||     6
       Potion            |     1 |     5 ||     6
Armor: Robe              |    24 |    32 ||    56
       Skin              |       |     5 ||     5
Dodge: Dodged            |    34 |    65 ||    99
Block: Kite shield       |    31 |    58 ||    89

Table legend: (Time is in decaauts)
 A = Elapsed time spent in this place.
 B = Non-inter-level travel time spent in this place.
 C = Inter-level travel time spent in this place.
 D = Time resting spent in this place.
 E = Time spent auto-exploring this place.
 F = Levels seen in this place.
 G = Mean time per level.
                   A        B        C        D        E       F      G
               +--------+--------+--------+--------+--------+-----+--------+
         Total |   5857 |   5662 |    195 |   1429 |   3499 |   3 | 1952.3 |
       Dungeon |   5857 |   5662 |    195 |   1429 |   3499 |   3 | 1952.3 |
               +--------+--------+--------+--------+--------+-----+--------+

Top non-repeatable levels by time:
     D:2: 3165 daAuts
     D:1: 1732 daAuts
     D:3: 959 daAuts
